 Dungeon Crawl Stone Soup version 0.32-a0-30-gefbe487952 (webtiles) character file.

Game seed: 1243138334644881841

55 gohu the Covered (level 3, -8/33 HPs)
             Began as a Minotaur Fighter on Jan 19, 2024.
             Mangled by Menkaure (18 damage)
             ... on level 4 of the Dungeon.
             The game lasted 00:03:16 (1325 turns).

gohu the Covered (Minotaur Fighter)                 Turns: 1325, Time: 00:03:17

Health: -8/33      AC:  8    Str: 22    XL:     3   Next: 67%
Magic:  2/2        EV:  9    Int:  5    God:
Gold:   136        SH:  4    Dex:  9    Spells: 2/2 levels left

rFire   . . .        a - +0 war axe
rCold   . . .        c - +0 buckler
rNeg    + . .        b - +0 scale mail
rPois   +            (helmet restricted)
rElec   .            (no cloak)
rCorr   .            g - +0 pair of gloves
SInv    .            (no boots)
Will    .....        o - amulet of faith Stlth
                     f - ring of poison resistance
HPRegen 0.25/turn    h - ring of positive energy
MPRegen 0.08/turn

%: faith
@: mighty
A: horns 2, retaliatory headbutt
a: no special abilities


You were on level 4 of the Dungeon.
You visited 1 branch of the dungeon, and saw 4 of its levels.

You collected 136 gold pieces.

Inventory:

Hand Weapons
 a - a +0 war axe (weapon)
Missiles
 j - 4 boomerangs (quivered)
Armour
 b - a +0 scale mail (worn)
 c - a +0 buckler (worn)
 g - a +0 pair of gloves (worn)
Jewellery
 f - a ring of poison resistance (left hand)
 h - a ring of positive energy (right hand)
 k - a ring of see invisible
 o - an amulet of faith (around neck)
Scrolls
 e - 2 scrolls of identify {unknown}
 m - a scroll of torment {unknown}
 n - 2 scrolls of fog {unknown}
 p - a scroll of revelation {unknown}
Potions
 i - 2 potions of heal wounds {unknown}
 l - a potion of curing {unknown}


   Skills:
 + Level 4.1 Fighting
 * Level 3.5 Axes
 + Level 0.1 Throwing
 + Level 4.2 Armour
 + Level 4.1 Shields


You had 2 spell levels left.
You didn't know any spells.
Your spell library was empty.

Dungeon Overview and Level Annotations

Branches:
Dungeon (4/15)
 Temple: D:4-7

Altars:
Kikubaaqudgha
Vehumet
Wu Jian

Annotations:
D:4 Menkaure


Innate Abilities, Weirdness & Mutations

You have a pair of horns on your head.
You reflexively headbutt those who attack you in melee.


Message History

Aim: a bat (34% to hit)
You throw a boomerang. The boomerang closely misses the bat.
The bat barely misses you. You furiously retaliate!
You headbutt the bat.
You kill the bat!
No target in view!
Found a stone staircase leading down.
Found a shiny helmet.
Found 10 gold pieces.
There is a stone staircase leading down here.
You climb downwards.
Menkaure shouts!
The endoplasm quivers.
There is a stone staircase leading up here.
There are monsters nearby!
You feel very mighty all of a sudden.
You closely miss Menkaure.
Menkaure calls on the powers of darkness!
Your body is wracked with pain!
The endoplasm convulses!
You slash Menkaure!
Menkaure is moderately damaged.
Menkaure giggles, "These cerements are ticklish..."
Menkaure hits you!
Menkaure mumbles some strange words.
Menkaure seems to speed up.
You barely miss Menkaure.
Menkaure is moderately damaged.
Menkaure hums, "It doesn't hurt if you pull your brain out of your nose yourself."
Menkaure hits you but does no damage.
The endoplasm hits you but does no damage.
You slash Menkaure!
Menkaure is almost destroyed.
You slash the endoplasm!
You kill the endoplasm!
Menkaure closely misses you. You block Menkaure's attack.
You hit Menkaure but do no damage.
Menkaure is almost destroyed.
Menkaure casts a spell at you. Pain shoots through your body!
Menkaure hits you!!
Ouch! That really hurt!
You die...

.#....
......
......
......#
.......
.......##
......M.#
.......@#
.....##..#
... ##..#
. #...
##.. #...
#.. #.


You could see Menkaure (fast).

Vanquished Creatures
  An adder (D:2)
  A dart slug (D:1)
  An orc (D:3)
  2 ball pythons
  4 endoplasms
  2 giant cockroaches
  8 goblins
  3 hobgoblins
  A jackal (D:1)
  2 quokkas
  6 bats
  3 frilled lizards
  4 kobolds
38 creatures vanquished.

Notes
Turn   | Place    | Note
-------+----------+-------------------------------------------
     0 | D:1      | gohu the Minotaur Fighter began the quest for the Orb.
     0 | D:1      | Reached XP level 1. HP: 19/19 MP: 0/0
   290 | D:1      | Reached XP level 2. HP: 27/27 MP: 1/1
   864 | D:2      | Reached XP level 3. HP: 33/33 MP: 2/2
   971 | D:3      | Found a radiant altar of Vehumet.
  1250 | D:3      | Found an ancient bone altar of Kikubaaqudgha.
  1285 | D:3      | Found an ornate altar of the Wu Jian Council.
  1319 | D:4      | Noticed Menkaure
  1325 | D:4      | Mangled by Menkaure

Illustrated notes

Levels and vault maps discovered:
D:1:      dpeg_arrival_tiny_g, layout_basic, nicolae_hexahallways,
          minmay_pentomino_z4
D:2:      layout_basic
D:3:      layout_basic, kiku_gazebo_pond_becter, zin_treasury,
          fiery_altar_vehumet, nicolae_wu_jian_wuxing_cycle,
          amcnicky_altar_gilded, serial_shops, shop,
          nicolae_shop_rolling_square, nicolae_shop_peninsula,
          nicolae_shop_stone, shapermc_ecumenical_altar_totnotflames
D:4:      layout_cave_pods, nicolae_grassy_gnolls, uniq_sigmund, uniq_menkaure

Skill      XL: |  1  2 |
---------------+-------+-----
Armour         | 4 |  4.2
Shields        | 4 |  4.1
Fighting       | 4 |  4.1
Axes           | 3 |  3.5
Throwing       | |  0.1

Action                     || total
---------------------------++-------
  Melee: War axe           ||    70
         Headbutt          ||     4
  Throw: Boomerang         ||    25
    Use: Potion            ||     1
 Armour: Scale mail        ||    47
  Dodge: Dodged            ||    40
  Block: Buckler           ||    23

Table legend: (Time is in decaauts)
 A = Elapsed time spent in this place.
 B = Non-inter-level travel time spent in this place.
 C = Inter-level travel time spent in this place.
 D = Time resting spent in this place.
 E = Time spent auto-exploring this place.
 F = Levels seen in this place.
 G = Mean time per level.
                   A        B        C        D        E       F      G
               +--------+--------+--------+--------+--------+-----+--------+
         Total |   1361 |   1279 |     82 |      0 |    997 |   4 |  340.2 |
       Dungeon |   1361 |   1279 |     82 |      0 |    997 |   4 |  340.2 |
               +--------+--------+--------+--------+--------+-----+--------+

Top non-repeatable levels by time:
     D:1: 733 daAuts
     D:2: 529 daAuts
     D:3: 91 daAuts
     D:4: 7 daAuts
